 Dungeon Crawl Stone Soup version 0.16-a0-3940-gf8a207b (webtiles) character file.

127 Eptagon the Insei (level 5, -20/36 HPs)
             Began as an Octopode Monk on Feb 7, 2015.
             Demolished by an orc
             ... wielding a +0 trident of distortion
              (22 damage)
             ... on level 3 of the Dungeon.
             The game lasted 00:04:31 (2152 turns).

Eptagon the Insei (Octopode Monk)                   Turns: 2152, Time: 00:04:31

Health: -20/36     AC:  1    Str: 11    XL:     5   Next: 11%
Magic:  5/5        EV: 13    Int: 12    God:
Gold:   114        SH:  0    Dex: 15    Spells: 0 memorised, 4 levels left

rFire  . . .     SeeInvis .       - Unarmed
rCold  . . .     Clarity  .     (no shield)
rNeg   . . .     SustAb   .     (helmet restricted)
rPois  .         Gourm    .     p - amulet of rage
rElec  .         Spirit   .     (no ring)
rCorr  .         Warding  .     (no ring)
rMut   .         Stasis   .     (no ring)
MR     .....                    (no ring)
Stlth  +++.......               (no ring)
                                (no ring)
                                (no ring)
                                (no ring)

@: about to teleport, not resistant to hostile enchantments, fairly stealthy
A: almost no armour, amphibious, 8 rings, constrict 8, camouflage 1, gelatinous
body 1
a: Evoke Berserk Rage


You were on level 3 of the Dungeon.
You were not hungry.

You visited 1 branch of the dungeon, and saw 3 of its levels.

You collected 114 gold pieces.

Inventory:

Jewellery
 p - an amulet of rage (around mantle)
Scrolls
 d - a scroll of remove curse {unknown}
 e - a scroll of random uselessness {unknown}
 g - a scroll of noise {unknown}
 i - a scroll of fog {unknown}
 o - a scroll of teleportation {unknown}
Potions
 a - 2 potions of resistance
 c - 2 potions of brilliance {unknown}
 h - 3 potions of curing {unknown}
 j - a potion of might {unknown}
 k - a potion of restore abilities {unknown}
 l - a potion of agility {unknown}
Comestibles
 b - 2 bread rations
 f - a beef jerky
 m - a royal jelly


   Skills:
 - Level 3.0 Fighting
 - Level 3.0 Dodging
 - Level 2.6 Stealth
 + Level 6.2 Unarmed Combat


You had 4 spell levels left.
You didn't know any spells.

Dungeon Overview and Level Annotations

Branches:
Dungeon (3/15)

Altars:
Okawaru


Innate Abilities, Weirdness & Mutations

You cannot wear most types of armour.
You are amphibious.
You can wear up to eight rings at the same time.
You can use your tentacles to constrict many enemies at once.
Your skin changes colour to match your surroundings (Stealth).
Your rubbery body absorbs attacks (AC +1).


Message History

The orc wizard shouts!
The orc hits you from afar with a trident of distortion.
You feel strangely unstable.
Things that are here:
a giant gecko corpse; a hobgoblin corpse The orc hits you with a trident of distortion.
You closely miss the orc. You grab the orc. You constrict the orc.
The orc hits you with a trident of distortion.
Space warps horribly around you!
* * * LOW HITPOINT WARNING * * *
The orc wizard casts a spell.
The orc wizard flickers and vanishes!
Deactivating autopickup; reactivate with Ctrl-A.
You are too injured to fight recklessly!
You release your grip on the orc.
The orc hits you from afar with a trident of distortion.
* * * LOW HITPOINT WARNING * * *
Space warps horribly around you!
Ouch! That really hurt!
You die...

.>......#.#.#
#.#....#.#
#...#....#
###....###
##.#.......#
#######.#######.
#####.......#
.........##.##
#####.##@#...#
#.......#.#
#..##o#...# #.
go##.## # ..o.
.# ##.{# # #
.... #... #..# #


You could see 3 orcs and a hobgoblin.

Vanquished Creatures
  3 gnolls (D:2)
  2 adders
  3 worms (D:2)
  2 giant geckos
  An ooze (D:2)
  An orc (D:3)
  7 bats
  6 goblins
  10 hobgoblins
  4 jackals (D:2)
  3 giant cockroaches
  2 giant newts
  9 kobolds
  4 rats
57 creatures vanquished.

Notes
Turn   | Place    | Note
--------------------------------------------------------------
     0 | D:1      | Eptagon, the Octopode Monk, began the quest for the Orb.
     0 | D:1      | Reached XP level 1. HP: 16/16 MP: 1/1
   185 | D:1      | Reached XP level 2. HP: 21/21 MP: 2/2
   907 | D:2      | Reached XP level 3. HP: 26/26 MP: 3/3
   919 | D:2      | Reached skill level 5 in Unarmed Combat
  1209 | D:2      | Reached XP level 4. HP: 27/31 MP: 4/4
  1868 | D:2      | Reached skill level 6 in Unarmed Combat
  2084 | D:3      | Reached XP level 5. HP: 31/36 MP: 5/5
  2090 | D:3      | Found an iron altar of Okawaru.
  2152 | D:3      | Demolished by an orc

Action                   |  1- 3 |  4- 6 || total
-------------------------+-------+-------++-------
Melee: Unarmed           |    74 |    64 ||   138
  Use: Scroll            |     1 |       ||     1
 Stab: Sleeping          |     1 |     3 ||     4
  Eat: Chunk             |     1 |     3 ||     4
